 Dungeon Crawl Stone Soup version 0.21.0-3-g78d12a8 (webtiles) character file.

11715 MovingMist the Protected (level 11, 0/67 HPs)
             Began as a Gargoyle Fighter on Jan 14, 2018.
             Was a High Priest of Okawaru.
             Slain by a 14-headed hydra (7 damage)
             ... on level 1 of the Lair of Beasts.
             The game lasted 00:30:35 (10056 turns).

MovingMist the Protected (Gargoyle Fighter)        Turns: 10056, Time: 00:30:37

Health: 0/67       AC: 32    Str: 21    XL:     11   Next: 82%
Magic:  10/11      EV: 14    Int: 17    God:    Okawaru [*****.]
Gold:   751        SH: 13    Dex: 12    Spells: 10/10 levels left

rFire    . . .     SeeInvis +   c - +4 war axe of Mourning {chop, rElec Int+7 SInv Stlth-}
rCold    . . .     Gourm    .   O - +0 shield
rNeg     + . .     Faith    +   q - +7 chain mail "Mohopagh" {-Cast Slay+2 Stlth+}
rPois    ∞         Spirit   .   (no helmet)
rElec    +         Reflect  .   j - +0 cloak
rCorr    .         Harm     .   n - +1 pair of gloves
MR       .....     NoCast   +   (no boots)
Stlth    ..........             i - amulet of faith
HPRegen  0.21/turn              t - +2 ring of strength
MPRegen  0.12/turn              (no ring)

@: heroism
A: negative energy resistance 1, electricity resistance, unbreathing,
petrification resistance, rot immunity, AC +8
a: Heroism, Finesse, Renounce Religion


You were on level 1 of the Lair of Beasts.
You worshipped Okawaru.
Okawaru was extremely pleased with you.
You were not hungry.

You visited 3 branches of the dungeon, and saw 12 of its levels.
You also visited: Ossuary.

You collected 751 gold pieces.

Inventory:

Hand Weapons
 a - a +0 war axe
 c - the +4 war axe of Mourning (weapon) {chop, rElec Int+7 SInv Stlth-}
   (Okawaru gifted it to you on level 1 of the Lair of Beasts)

   It inflicts extra damage upon your enemies.
   It affects your intelligence (+7).
   It insulates you from electricity.
   It lets you see invisible.
   It makes you less stealthy.
 A - a +3 war axe
 H - a +3 dire flail
 J - a cursed -3 dire flail
Missiles
 L - a throwing net (quivered)
Armour
 j - a +0 cloak (worn)
 n - a +1 pair of gloves (worn)
 q - the +7 chain mail "Mohopagh" (worn) {-Cast Slay+2 Stlth+}
   (You found it on level 5 of the Dungeon)

   It affects your accuracy and damage with ranged weapons and melee attacks
   (+2).
   It prevents spellcasting.
   It makes you more stealthy.
 M - the +1 helmet "Nifiah" {+Blink rC- MP+9 Int+3 Stlth+}
   (You found it on level 1 of the Lair of Beasts)

   It affects your intelligence (+3).
   It makes you vulnerable to cold.
   It affects your magic capacity (+9).
   It lets you blink.
   It makes you more stealthy.
 O - a +0 shield (worn)
Jewellery
 i - an amulet of faith (around neck)
 t - a +2 ring of strength (left hand)
 u - a +6 ring of intelligence
 w - an uncursed ring of ice {unknown}
 z - an uncursed amulet of harm {unknown}
 G - an uncursed amulet of magic regeneration {unknown}
Wands
 g - a wand of flame (27)
Scrolls
 b - 4 scrolls of amnesia
 e - 3 scrolls of teleportation
 h - 4 scrolls of enchant weapon {unknown}
 k - 4 scrolls of magic mapping {unknown}
 x - a scroll of random uselessness {unknown}
 y - a scroll of enchant armour {unknown}
 E - a scroll of fog {unknown}
 F - a scroll of vulnerability {unknown}
 I - 2 scrolls of fear {unknown}
 K - 2 scrolls of remove curse
Potions
 d - a potion of might
 l - 3 potions of heal wounds
 m - 2 potions of berserk rage {unknown}
 o - 6 potions of curing
 p - a potion of cancellation {unknown}
 r - a potion of flight {unknown}
 s - 5 potions of resistance
 v - 2 potions of degeneration {unknown}
 B - 3 potions of invisibility {unknown}
 C - a potion of brilliance {unknown}
 D - a potion of magic {unknown}
Comestibles
 f - 25 rations


   Skills:
 - Level 7.0(12.0) Fighting
 * Level 8.3(13.4) Axes
 - Level 2.0(11.0) Maces & Flails
 - Level 10.3(15.3) Armour
 + Level 9.1(14.1) Dodging
 + Level 7.1(12.1) Shields


You had 10 spell levels left.
You didn't know any spells.

Dungeon Overview and Level Annotations

Branches:
Dungeon (10/15)            Temple (1/1) D:7            Lair (1/6) D:10
    Orc: D:9-12

Altars:
Ashenzari
Cheibriados
Dithmenos
Elyvilon
Fedhas
Gozag
Hepliaklqana
Kikubaaqudgha
Makhleb
Nemelex Xobeh
Okawaru
Qazlal
Ru
Sif Muna
Trog
Uskayaw
Vehumet
Wu Jian
Xom
Yredelemnul
Zin
The Shining One

Shops:
D:8 }

Annotations:
Lair:1 exclusion: oklob plant, Gastronok


Innate Abilities, Weirdness & Mutations

You are resistant to torment.
Your stone body is resilient. (AC +8)
You are immune to poison.
You resist negative energy. (rN+)
You are resistant to electric shocks. (rElec)
You can survive without breathing.
You are immune to petrification.
You are immune to rotting.


Message History

The 13-headed hydra bites you!
The 13-headed hydra bites you but does no damage.
You block the 13-headed hydra's attack. The 13-headed hydra bites you.
The 13-headed hydra bites you but does no damage. x2
The 13-headed hydra bites you!
The 13-headed hydra bites you but does no damage.
You block the 13-headed hydra's attack. The 13-headed hydra bites you.
You lop one of the 13-headed hydra's heads off!
The 12-headed hydra grows two more!
You slash the 14-headed hydra!
The 14-headed hydra is moderately wounded.
The 14-headed hydra bites you but does no damage. x2
The 14-headed hydra bites you!
* * * LOW HITPOINT WARNING * * *
You block the 14-headed hydra's attack. The 14-headed hydra bites you!
* * * LOW HITPOINT WARNING * * *
The 14-headed hydra completely misses you.
The 14-headed hydra misses you.
The 14-headed hydra bites you but does no damage.
The 14-headed hydra bites you!
You die...

######## ##......##
#........# #.....###
#......### ####........###
# ###.............## #
##.........###....## ##
#.........#@#......# .##
###......####D......# #.#
#.#.....###.#.......##
..###......## #............
...........# ##...........
...........# #.............
........)..................
...........................
...........................


You could see a 14-headed hydra.

Vanquished Creatures
  A two-headed ogre (D:10)
  An elephant (D:10)
  A troll (D:9)
  5 hippogriffs
  A wraith (D:10)
  A human (D:9)
  4 hogs (D:9)
  A basilisk (D:10)
  A hungry ghost (D:9)
  9 yaks
  Menkaure (D:6)
  4 porcupines (Lair:1)
  3 water moccasins
  2 orc warriors
  A hornet zombie (D:8)
  4 sky beasts
  4 ogres
  An ice beast (D:6)
  2 phantoms
  5 centaurs
  4 crocodiles
  Blork the orc (D:6)
  A gnoll sergeant (D:9)
  14 big kobolds (D:3)
  9 bullfrogs
  A water moccasin zombie (D:6)
  2 wyvern skeletons
  6 killer bees (D:9)
  6 scorpions
  A howler monkey (D:2)
  7 wights
  5 crimson imps
  3 centaur zombies
  A bullfrog zombie (D:8)
  A quasit (D:9)
  4 orc priests
  5 hounds
  2 human zombies (Ossuary)
  4 centaur skeletons
  A gnoll shaman (D:6)
  A jelly (D:6)
  A bullfrog skeleton (D:5)
  Terence (D:3)
  7 orc wizards
  6 worker ants
  3 big kobold zombies (Ossuary)
  2 hound zombies
  A hound skeleton (D:7)
  2 mummies (Ossuary)
  A howler monkey zombie (D:7)
  2 worker ant zombies
  10 adders
  10 gnolls
  2 shadow imps
  An ooze (D:5)
  2 adder zombies (Ossuary)
  An adder skeleton (D:5)
  2 worms
  A dart slug (D:1)
  5 leopard geckos
  19 orcs
  3 ball pythons
  4 giant cockroaches
  10 goblins
  11 hobgoblins
  10 jackals
  46 kobolds
  4 quokkas
  6 bats
  6 frilled lizards
  7 hobgoblin zombies (Ossuary)
  A jackal skeleton (D:4)
  10 kobold zombies (Ossuary)
  9 orc zombies (Ossuary)
  A quokka skeleton (D:6)
  5 rats
  2 rat zombies (Ossuary)
345 creatures vanquished.

Vanquished Creatures (others)
  An adder skeleton (D:7)
  7 plants (Lair:1)
8 creatures vanquished.

Grand Total: 353 creatures vanquished

Notes
Turn   | Place    | Note
-------+----------+-------------------------------------------
     0 | D:1      | MovingMist the Gargoyle Fighter began the quest for the Orb.
     0 | D:1      | Reached XP level 1. HP: 14/14 MP: 1/1
   167 | D:1      | Reached XP level 2. HP: 19/19 MP: 2/2
   329 | D:1      | Reached skill level 1 in Dodging
   465 | D:1      | Reached XP level 3. HP: 23/23 MP: 3/3
   833 | D:2      | Reached XP level 4. HP: 26/29 MP: 4/4
  1252 | D:2      | Reached skill level 4 in Armour
  1345 | D:2      | Reached XP level 5. HP: 33/33 MP: 5/5
  1558 | D:3      | Found an ornate altar of the Wu Jian Council.
  1879 | D:3      | Noticed a big kobold
  1879 | D:3      | Noticed a big kobold
  1879 | D:3      | Noticed a big kobold
  1879 | D:3      | Noticed a big kobold
  1896 | D:3      | Killed a big kobold
  1896 | D:3      | Reached XP level 6. HP: 27/38 MP: 6/6
  1921 | D:3      | Reached XP level 7. HP: 35/44 MP: 7/7
  1961 | D:3      | Reached skill level 5 in Armour
  2062 | D:3      | Reached skill level 5 in Fighting
  2134 | D:3      | Reached XP level 8. HP: 48/49 MP: 8/8
  2267 | D:3      | Reached skill level 5 in Dodging
  2774 | D:3      | Noticed Terence
  2781 | D:3      | Killed Terence
  3265 | D:4      | Reached skill level 6 in Armour
  3706 | D:5      | Entered Level 5 of the Dungeon
  4041 | D:5      | Got a dazzling chain mail
  4052 | D:5      | Reached XP level 9. HP: 20/56 MP: 9/9
  4263 | D:5      | Identified the +7 chain mail "Mohopagh" {-Cast Slay+2 Stlth+} (You found it on level 5 of the Dungeon)
  4327 | D:5      | Found a burning altar of Makhleb.
  4327 | D:5      | Found a sparkling altar of Nemelex Xobeh.
  4473 | D:5      | Reached skill level 5 in Axes
  4801 | D:6      | Noticed Blork the orc
  4809 | D:6      | Killed Blork the orc
  4828 | D:6      | Reached skill level 7 in Armour
  4933 | D:6      | Noticed Menkaure
  4947 | D:6      | Killed Menkaure
  5984 | D:7      | Reached XP level 10. HP: 46/63 MP: 10/10
  6122 | D:7      | Reached skill level 8 in Armour
  6292 | D:7      | Found a bloodstained altar of Trog.
  6347 | D:7      | Found a snail-covered altar of Cheibriados.
  6602 | D:7      | Found a staircase to the Ecumenical Temple.
  6611 | Temple   | Entered the Ecumenical Temple
  6706 | Temple   | Became a worshipper of Warmaster Okawaru
  6964 | D:8      | Found a sand-covered staircase.
  6978 | Ossuary  | Entered an ossuary
  7271 | D:8      | Reached * piety under Okawaru
  7373 | D:8      | Found a sparkling altar of Nemelex Xobeh.
  7525 | D:8      | Found Xecisyog's Gadget Shop.
  7730 | D:8      | Found an ancient bone altar of Kikubaaqudgha.
  7918 | D:9      | Reached ** piety under Okawaru
  7926 | D:9      | Reached skill level 9 in Armour
  8050 | D:9      | Reached XP level 11. HP: 54/67 MP: 11/11
  8077 | D:9      | Reached *** piety under Okawaru
  8308 | D:9      | Reached skill level 5 in Shields
  8515 | D:10     | Entered Level 10 of the Dungeon
  8632 | D:10     | Found a radiant altar of Vehumet.
  8697 | D:10     | Noticed a two-headed ogre
  8710 | D:10     | Killed a two-headed ogre
  8710 | D:10     | Reached **** piety under Okawaru
  9206 | D:10     | Found a staircase to the Lair.
  9227 | D:10     | Reached skill level 10 in Armour
  9236 | D:10     | Reached ***** piety under Okawaru
  9318 | D:10     | Identified the Handbook of Congealing Attacks
  9372 | Lair:1   | Entered Level 1 of the Lair of Beasts
  9375 | Lair:1   | Got a jewelled helmet
  9385 | Lair:1   | Noticed Gastronok
  9393 | Lair:1   | Noticed a six-headed hydra
  9603 | Lair:1   | Identified the +1 helmet "Nifiah" {+Blink rC- MP+9 Int+3 Stlth+} (You found it on level 1 of the Lair of Beasts)
  9724 | Lair:1   | Noticed an oklob plant
  9798 | Lair:1   | Reached skill level 1 in Maces & Flails
  9830 | Lair:1   | Received a gift from Okawaru
  9833 | Lair:1   | Got a steaming war axe {god gift}
  9837 | Lair:1   | Identified the +4 war axe of Mourning {chop, rElec Int+7 SInv Stlth-} (Okawaru gifted it to you on level 1 of the Lair of Beasts)
 10056 | Lair:1   | Slain by a 14-headed hydra

Skill      XL: |  1  2  3  4  5  6  7  8  9 10 11 |
---------------+----------------------------------+-----
Axes           | 2 3 4 6 7 8 |  8.3
Dodging        | 1 2 3 4 5 7 9 |  9.1
Fighting       | 4 5 6 7 |  7.0
Armour         | 4 5 6 7 9 10 | 10.3
Shields        | 7 |  7.1
Maces & Flails | 2 |  2.0

Action                   |  1- 3 |  4- 6 |  7- 9 | 10-12 || total
-------------------------+-------+-------+-------+-------++-------
Melee: War axe           |   146 |   251 |   558 |   621 ||  1576
       Dire flail        |       |       |       |    23 ||    23
Invok: Heroism           |       |       |       |     2 ||     2
  Use: Scroll            |       |       |     5 |     6 ||    11
       Potion            |       |       |       |     3 ||     3
  Eat: Chunk             |       |     4 |    12 |    14 ||    30
       Ration            |       |       |     1 |     1 ||     2
Armor: Scale mail        |     9 |       |       |       ||     9
       Chain mail        |    96 |   231 |   446 |   495 ||  1268
Dodge: Dodged            |    31 |    87 |   220 |   300 ||   638
Block: Shield            |    83 |   179 |   336 |   371 ||   969
